AoeStats
← Chris77A

Black Forest

507446170Analyzed
2v2 RM · 14d ago on Sep 18, 2026· 67m 22s· 4 players
Game mode
Random Map
Map size
Medium (4 player)
Population
200
Speed
Normal
Resources
Standard
Victory
Conquest
Starting age
Dark Age
Ending age
Imperial Age
RankedLock teamsTeams togetherTeam positionsShared explorationLock speedFull tech treeHidden civsTurbo modeCheats
Victory
Defeat
🇬🇧 Bohemians · United Kingdom
1310
+14
🇬🇧 Teutons · United Kingdom
1259
+16
🇳🇿 Khmer · New Zealand
1395
-20
🇯🇵 Celts · Japan
1131
-10
Skilgannon
1:57 Loom
12:48 Feudal Age
17:40 Castle Age
17:47 Double-Bit Axe
17:55 Gold Mining
18:45 Horse Collar
19:56 Wheelbarrow
22:18 Hand Cart
24:11 Stone Mining
31:13 Town Watch
33:29 Bow Saw
37:39 Imperial Age
37:16 Gold Shaft Mining
37:16 Stone Shaft Mining
37:14 Fletching
37:25 Padded Archer Armor
37:32 Scale Barding Armor
37:47 Bloodlines
37:39 Husbandry
38:47 Conscription
39:13 Caravan
40:49 Elite Ballista Elephant
43:31 Chemistry
42:52 Ballistics
42:44 Masonry
42:39 Siege Engineers
42:30 Murder Holes
43:18 Leather Archer Armor
43:24 Chain Barding Armor
43:36 Double Crossbow
47:01 Ring Archer Armor
47:02 Parthian Tactics
51:46 Architecture
54:00 Heavy Plow
53:26 Crossbowman
54:04 Bodkin Arrow
54:55 Bracer
54:52 Arbalester
60:37 Plate Barding Armor
60:13 Forging
60:08 Tusk Swords
60:47 Hoardings
61:00 Elite Battle Elephant
67:58 Iron Casting
Port Moresby
6:30 Loom
12:42 Feudal Age
17:12 Castle Age
15:32 Horse Collar
16:35 Double-Bit Axe
17:49 Wheelbarrow
18:29 Bow Saw
21:39 Heavy Plow
21:49 Town Watch
24:40 Hand Cart
25:18 Gold Mining
31:50 Imperial Age
29:43 Stone Mining
30:30 Gold Shaft Mining
31:56 Capped Ram
35:39 Forging
35:30 Scale Mail Armor
37:12 Iron Casting
36:32 Pikeman
38:28 Chain Mail Armor
37:40 Halberdier
38:41 Siege Ram
40:11 Conscription
41:09 Blast Furnace
40:39 Plate Mail Armor
41:22 Caravan
42:37 Fletching
42:19 Elite Woad Raider
42:53 Stronghold
44:09 Siege Engineers
44:00 Onager
45:28 Siege Onager
48:00 Fortified Wall
48:52 Chemistry
48:23 Heavy Scorpion
49:37 Bodkin Arrow
49:57 Furor Celtica
60:48 Man-at-Arms
61:41 Gambesons
63:27 Long Swordsman
64:00 Two-Handed Swordsman
Chris77A
0:55 Loom
11:52 Feudal Age
16:53 Castle Age
15:21 Double-Bit Axe
15:20 Horse Collar
18:37 Wheelbarrow
23:29 Town Watch
23:42 Fletching
24:51 Bow Saw
27:54 Heavy Plow
28:15 Fortified Wall
29:14 Hand Cart
33:02 Imperial Age
30:38 Pikeman
31:52 Ballistics
31:44 Masonry
31:49 Scale Mail Armor
32:13 Ironclad
32:27 Squires
32:13 Arson
32:47 Chain Mail Armor
33:33 Forging
34:48 Chemistry
35:15 Gold Mining
36:13 Conscription
37:21 Plate Mail Armor
38:14 Onager
39:28 Elite Teutonic Knight
40:31 Crenellations
39:53 Halberdier
40:54 Siege Engineers
42:46 Hoardings
42:08 Bodkin Arrow
42:49 Iron Casting
44:07 Siege Onager
50:35 Blast Furnace
49:46 Caravan
59:01 Scale Barding Armor
58:17 Cavalier
59:08 Bloodlines
64:32 Elite Skirmisher
DrunkMonk
1:40 Loom
10:57 Feudal Age
11:30 Double-Bit Axe
12:44 Forging
13:41 Horse Collar
19:50 Castle Age
21:52 Bow Saw
22:47 Chemistry
22:10 Fletching
24:55 Scale Barding Armor
24:52 Padded Archer Armor
24:47 Bodkin Arrow
27:21 Wheelbarrow
34:18 Imperial Age
32:17 Heavy Plow
35:23 Conscription
36:25 Town Watch
39:37 Bracer
39:38 Padded Archer Armor
40:03 Fervor
40:20 Sanctity
40:50 Hand Cart
41:19 Ballistics
41:11 Masonry
41:59 Leather Archer Armor
41:49 Murder Holes
42:27 Conscription
42:13 Hussite Reforms
42:42 Pikeman
43:09 Houfnice
43:30 Elite Skirmisher
44:50 Squires
44:35 Arson
44:52 Scale Mail Armor
44:36 Light Cavalry
45:17 Husbandry
46:19 Halberdier
48:41 Ring Archer Armor
53:23 Caravan
53:46 Devotion
54:22 Theocracy
55:01 Two-Man Saw
56:19 Theocracy
56:00 Redemption
56:09 Redemption
58:51 Siege Engineers
59:17 Architecture
Connection lost

Rejoining the realm…

Still unreachable

The connection could not be restored.

Session expired

The server has moved on; the page needs a fresh start.